[Event "Titled Tuesday Blitz June 20 Late 2023"]
[White "Campos, Maria Jose"]
[Black "Powell, Paul"]
[WhiteFideId "146803"]
[BlackFideId "2005840"]
[WhiteElo "2170"]
[BlackElo "2145"]
[Result "1-0"]
[Round "8"]
[TimeControl "180+2"]
[Date "2023.06.20"]
[WhiteClock "0:00:47"]
[BlackClock "0:00:00"]
[Board "128"]

1. c4 Nf6 2. g3 e6 3. Bg2 d5 4. Nf3 Be7 5. O-O O-O 6. d4 c6 7. Qc2 Nbd7 8. b3 b6 9. Bb2 Bb7 10. Nc3 Rc8 11. e4 dxe4 12. Nxe4 Nxe4 13. Qxe4 Qc7 14. Rad1 Nf6 15. Qc2 Rfd8 16. c5 bxc5 17. dxc5 Rxd1 18. Rxd1 Rd8 19. Ne5 Rxd1+ 20. Qxd1 Bxc5 21. Qc2 Qd6 22. Nc4 Qc7 23. Ne5 Bd6 24. Nxc6 Bxc6 25. Qxc6 Qxc6 26. Bxc6 Ng4 27. Bd4 Bb8 28. f4 Kf8 29. Bc5+ Kg8 30. Kg2 h5 31. b4 f6 32. a4 Kf7 33. b5 Nh6 34. a5 Nf5 35. a6 Ne7 36. Bb7 Ke8 37. b6 1-0


[Site "https://www.chess.com"]

[Event "Titled Tuesday Blitz June 20 Late 2023"]
[White "Winkels, Marcel"]
[Black "Kopacz, Grzegorz"]
[WhiteFideId "1003887"]
[BlackFideId "1109880"]
[WhiteElo "1900"]
[BlackElo "2037"]
[Result "0-1"]
[Round "8"]
[TimeControl "180+2"]
[Date "2023.06.20"]
[WhiteClock "0:00:00"]
[BlackClock "0:00:17"]
[Board "129"]

1. e4 c5 2. Nf3 e6 3. d4 cxd4 4. Nxd4 Nc6 5. Nc3 Qc7 6. Be3 a6 7. Qf3 Bd6 8. O-O-O Be5 9. g3 Nge7 10. Bg2 b5 11. Kb1 Bb7 12. Qe2 Rc8 13. f4 Bxd4 14. Bxd4 Nxd4 15. Rxd4 Nc6 16. Rd2 Na5 17. Nd5 Bxd5 18. exd5 O-O 19. d6 Qc5 20. Rdd1 b4 21. Rhe1 Nc4 22. Bf1 Nxd6 23. Qxa6 Qxc2+ 24. Ka1 Nc4 25. Bxc4 Rxc4 26. Rb1 b3 27. a3 d5 28. Rec1 Qxc1 0-1


[Site "https://www.chess.com"]

[Event "Titled Tuesday Blitz June 20 Late 2023"]
[White "Cueto, Jonny"]
[Black "Vargas, Mauricio"]
[WhiteFideId "3300145"]
[BlackFideId "4404572"]
[WhiteElo "2240"]
[BlackElo "1986"]
[Result "1-0"]
[Round "8"]
[TimeControl "180+2"]
[Date "2023.06.20"]
[WhiteClock "0:00:51"]
[BlackClock "0:00:46"]
[Board "130"]

1. d4 d5 2. Bf4 h5 3. Nf3 Bg4 4. h3 Bxf3 5. gxf3 e6 6. e3 Bb4+ 7. c3 Ba5 8. Qa4+ Nc6 9. Bb5 Ne7 10. Qxa5 O-O 11. Qa4 a6 12. Bd3 b5 13. Qc2 g6 14. Nd2 Rc8 15. Nb3 Nb8 16. Nc5 Nec6 17. Bxg6 fxg6 18. Qxg6+ Kh8 19. Nxe6 Qf6 20. Nxf8 Qxg6 21. Nxg6+ Kg7 22. Ne5 Re8 23. Rg1+ Kf8 24. Bh6+ Ke7 25. Rg7+ Kd6 26. Nxc6 Kxc6 27. Kd2 a5 28. Rag1 Na6 29. R7g6+ Kb7 30. Rxa6 Kxa6 31. Bf4 Rc8 32. Rg6+ Ka7 33. Rg7 Ka8 34. Rxc7 Rg8 35. Rc5 b4 36. Rxa5+ Kb7 37. Rxd5 bxc3+ 38. Kxc3 h4 39. Rg5 Rc8+ 40. Kd2 Ra8 41. a3 Ra6 42. Rh5 Rb6 43. Rh7+ Ka6 44. Rxh4 Kb5 45. Rh5+ Ka4 46. Rc5 Rxb2+ 47. Rc2 Rb1 48. h4 Kxa3 49. h5 Kb3 50. h6 Rh1 51. Rc7 1-0


[Site "https://www.chess.com"]

[Event "Titled Tuesday Blitz June 20 Late 2023"]
[White "Cooper, Aaron"]
[Black "White, John S."]
[WhiteFideId "2634945"]
[BlackFideId "2502348"]
[WhiteElo "2267"]
[BlackElo "2013"]
[Result "0-1"]
[Round "8"]
[TimeControl "180+2"]
[Date "2023.06.20"]
[WhiteClock "0:00:14"]
[BlackClock "0:00:09"]
[Board "131"]

1. e4 c5 2. Nf3 e6 3. d4 cxd4 4. Nxd4 Nc6 5. Nc3 d6 6. g3 Nf6 7. Bg2 a6 8. O-O Bd7 9. Be3 Be7 10. f4 Qc7 11. Kh1 O-O 12. g4 Nxd4 13. Bxd4 e5 14. Be3 Bxg4 15. Qe1 Be6 16. f5 Bc4 17. Rf3 Qc6 18. Rh3 Ng4 19. Bg1 a5 20. Qg3 Nf6 21. Be3 Rad8 22. Rg1 d5 23. Bf3 g6 24. fxg6 fxg6 25. Bh6 dxe4 26. Bg2 Rf7 27. Bg5 Be6 28. Rh4 Bd5 29. Nxd5 Qxd5 30. Bxf6 Bxf6 31. Rxe4 Qxa2 32. Rg4 Bg7 33. Be4 Rdf8 34. Bxg6 hxg6 35. Rxg6 Qd5+ 36. Qg2 Qxg2+ 37. R6xg2 Kh7 38. Rg3 Rf1 39. Rh3+ Kg8 40. Kg2 Rxg1+ 41. Kxg1 Rc8 42. Rb3 Rxc2 43. Rxb7 e4 44. Ra7 Rxb2 45. Rxa5 e3 46. Ra8+ Kh7 47. Re8 e2 48. Kf2 Bd4+ 49. Ke1 Bc3+ 50. Kf2 e1=Q+ 0-1


[Site "https://www.chess.com"]

[Event "Titled Tuesday Blitz June 20 Late 2023"]
[White "Calderin Gonzalez, Roberto"]
[Black "Alexikov, Alexander"]
[WhiteFideId "5102979"]
[BlackFideId "14103958"]
[WhiteElo "2084"]
[BlackElo "2186"]
[Result "0-1"]
[Round "8"]
[TimeControl "180+2"]
[Date "2023.06.20"]
[WhiteClock "0:00:00"]
[BlackClock "0:00:38"]
[Board "132"]

1. e4 c5 2. Nc3 Nc6 3. g3 g6 4. Bg2 Bg7 5. Nge2 d6 6. O-O e5 7. d3 Nge7 8. h3 O-O 9. f4 f5 10. fxe5 dxe5 11. exf5 gxf5 12. Bg5 Qd6 13. Qd2 Be6 14. Bh6 Rf7 15. Kh2 Kh8 16. Bg5 Rg8 17. Nb5 Qb8 18. Rae1 a6 19. Nbc3 b5 20. Bxe7 Nxe7 21. d4 exd4 22. Nd1 Bd5 23. Nf4 Bxg2 24. Qxg2 Be5 25. Qf2 Nd5 26. Kh1 Nf6 27. Qf3 Ne4 28. Nf2 Nxg3+ 29. Kh2 Nxf1+ 30. Rxf1 Bxf4+ 31. Kh1 Rg3 32. Qd5 Rfg7 33. Re1 Be3 34. Rxe3 dxe3 0-1


[Site "https://www.chess.com"]

[Event "Titled Tuesday Blitz June 20 Late 2023"]
[White "Yoo, Christopher Woojin"]
[Black "Paravyan, David"]
[WhiteFideId "30909694"]
[BlackFideId "4194985"]
[WhiteElo "2528"]
[BlackElo "2563"]
[Result "0-1"]
[Round "9"]
[TimeControl "180+2"]
[Date "2023.06.20"]
[WhiteClock "0:00:02"]
[BlackClock "0:01:20"]
[Board "1"]

1. e4 e5 2. Nf3 Nf6 3. Nxe5 d6 4. Nf3 Nxe4 5. d4 d5 6. Bd3 Bd6 7. O-O O-O 8. c4 c6 9. Re1 Bf5 10. Qc2 Na6 11. a3 Bg6 12. c5 Bb8 13. b4 Nc7 14. Nc3 Nxc3 15. Qxc3 Ne6 16. Bxg6 hxg6 17. h4 Qf6 18. Qd3 Bc7 19. Rb1 Rfe8 20. b5 Nxd4 21. Bg5 Nxf3+ 22. gxf3 Qf5 23. Qxf5 gxf5 24. Rxe8+ Rxe8 25. bxc6 bxc6 26. Rb7 Be5 27. Rxa7 f6 28. Be3 f4 29. Bd2 Bd4 30. Bxf4 Bxc5 31. Rc7 Re1+ 32. Kg2 Re2 33. Rxc6 Bxf2 34. Kf1 Ra2 35. h5 Bd4 36. Bd6 Rf2+ 37. Ke1 Rxf3 38. a4 Rh3 39. Ke2 Rxh5 40. Kd3 Bg1 41. a5 Rh3+ 42. Kc2 Kf7 43. a6 g5 44. a7 Bxa7 45. Rc7+ Ke6 46. Bb4 Bd4 47. Rc6+ Kf5 48. Rd6 Ke4 49. Re6+ Be5 0-1


[Site "https://www.chess.com"]

[Event "Titled Tuesday Blitz June 20 Late 2023"]
[White "Martinez Alcantara, Jose Eduardo"]
[Black "Rasulov, Vugar"]
[WhiteFideId "3805662"]
[BlackFideId "13402390"]
[WhiteElo "2711"]
[BlackElo "2509"]
[Result "1-0"]
[Round "9"]
[TimeControl "180+2"]
[Date "2023.06.20"]
[WhiteClock "0:00:26"]
[BlackClock "0:00:05"]
[Board "2"]

1. e4 c5 2. Nf3 e6 3. c3 d5 4. e5 d4 5. g3 Bd7 6. Bg2 Bc6 7. O-O Ne7 8. cxd4 cxd4 9. d3 Ng6 10. Nbd2 Bc5 11. h4 Nd7 12. Re1 h6 13. a3 a5 14. Ne4 O-O 15. h5 Ne7 16. Bf4 Nd5 17. Bd2 Bb6 18. Rc1 a4 19. Qe2 Rc8 20. Nd6 Ra8 21. Nc4 Bc5 22. Nh2 b5 23. Nd6 Bxd6 24. exd6 Rc8 25. Ng4 N7f6 26. Nxf6+ Qxf6 27. Ba5 Bd7 28. Bc7 b4 29. axb4 Rfe8 30. Ba5 Qg5 31. Rc5 Rxc5 32. bxc5 Rc8 33. Bb6 Bc6 34. Qe5 Qd2 35. Bxd5 exd5 36. Qe7 Kh7 37. Rf1 Re8 38. Qxf7 Re1 39. Qf5+ Kg8 40. Rxe1 Qxe1+ 41. Kg2 Bb5 42. d7 Bxd7 43. Qxd7 Qe2 44. Qxd5+ Kh8 45. Qa8+ Kh7 46. Qe4+ Qxe4+ 47. dxe4 d3 48. Kf3 d2 49. Ke2 a3 50. bxa3 1-0


[Site "https://www.chess.com"]

[Event "Titled Tuesday Blitz June 20 Late 2023"]
[White "Terry, Renato"]
[Black "Tsaruk, Maksim"]
[WhiteFideId "3803457"]
[BlackFideId "13511173"]
[WhiteElo "2575"]
[BlackElo "2363"]
[Result "1-0"]
[Round "9"]
[TimeControl "180+2"]
[Date "2023.06.20"]
[WhiteClock "0:00:18"]
[BlackClock "0:00:00"]
[Board "3"]

1. d4 d5 2. Bg5 h6 3. Bh4 Nf6 4. e3 Bf5 5. Bd3 Bxd3 6. Qxd3 Nbd7 7. Nf3 e6 8. O-O c5 9. c4 dxc4 10. Qxc4 Rc8 11. Qb3 Qb6 12. Bxf6 gxf6 13. Qa4 cxd4 14. exd4 Qxb2 15. Nbd2 Qa3 16. Qb5 Qa6 17. Qh5 f5 18. Rfe1 Bg7 19. Qxf5 O-O 20. Qg4 Kh8 21. Nf1 Nf6 22. Qh4 Rc2 23. a4 Qd3 24. Ne3 Rb2 25. Ne5 Qe4 26. Qxe4 Nxe4 27. N3c4 Bxe5 28. dxe5 Rc2 29. Rxe4 Rc8 30. Ne3 Rc1+ 31. Rxc1 Rxc1+ 32. Nf1 Rb1 33. g3 a6 34. Kg2 b5 35. axb5 axb5 36. Nd2 Rd1 37. Nf3 Rb1 38. Rd4 b4 39. Rd7 Kg7 40. Rb7 b3 41. Nd2 Re1 42. Rxb3 Rxe5 43. Nf3 Ra5 44. Rb7 Rc5 45. Nd4 Kf6 46. Rb3 Ra5 47. Rf3+ Kg7 48. Nc6 Rd5 49. Rf4 Rc5 50. Nb4 Kg6 51. Nd3 Ra5 52. h4 Kg7 53. Rg4+ Kf6 54. Rf4+ Kg7 55. Kf3 h5 56. Ke3 Rb5 57. Re4 Ra5 58. Re5 Ra4 59. Rxh5 f5 60. Rg5+ Kf7 61. h5 Ra8 62. Ne5+ Kf6 63. f4 Ra3+ 64. Kd2 Ra2+ 65. Kc3 Rh2 66. Rg6+ Ke7 67. h6 Rh3 68. Rg7+ Kf8 69. Ng6+ Ke8 70. h7 1-0


[Site "https://www.chess.com"]

[Event "Titled Tuesday Blitz June 20 Late 2023"]
[White "Xiong, Jeffery"]
[Black "Firouzja, Alireza"]
[WhiteFideId "2047640"]
[BlackFideId "12573981"]
[WhiteElo "2726"]
[BlackElo "2896"]
[Result "0-1"]
[Round "9"]
[TimeControl "180+2"]
[Date "2023.06.20"]
[WhiteClock "0:00:04"]
[BlackClock "0:00:07"]
[Board "4"]

1. e4 c5 2. Nf3 Nc6 3. Nc3 g6 4. d4 cxd4 5. Nxd4 Bg7 6. Be3 Nf6 7. Bc4 O-O 8. Bb3 Re8 9. O-O d6 10. h3 Bd7 11. Re1 a6 12. a4 Rc8 13. Nxc6 Bxc6 14. Bd4 e5 15. Be3 Nxe4 16. Nxe4 Bxe4 17. Bg5 Qxg5 18. Rxe4 Qe7 19. Bd5 Kh8 20. Rb4 Rc7 21. a5 f5 22. c3 e4 23. Qd2 h5 24. Rd1 Kh7 25. Qe3 Bh6 26. Qe2 e3 27. fxe3 Bxe3+ 28. Kh1 Bc5 29. Qxe7+ Rexe7 30. Rc4 Kg7 31. Bf3 Rcd7 32. g4 Re3 33. Kg2 fxg4 34. hxg4 Rf7 35. Rf1 h4 36. b4 Ba7 37. g5 h3+ 38. Kg3 d5 39. Rc8 h2 40. Kxh2 Rexf3 41. Rxf3 Rxf3 42. Kg2 Rf7 43. Rd8 Be3 44. Rxd5 Rc7 45. Kf3 Bc1 46. Ke4 Kf7 47. Rd6 Bxg5 48. Kd3 Be7 49. Rb6 g5 50. c4 g4 51. c5 Rd7+ 52. Ke4 Bd8 53. Rh6 Bf6 54. Kf5 Rd5+ 55. Kxg4 Ke6 56. Kf3 Rd4 0-1


[Site "https://www.chess.com"]

[Event "Titled Tuesday Blitz June 20 Late 2023"]
[White "Anton Guijarro, David"]
[Black "Kollars, Dmitrij"]
[WhiteFideId "2285525"]
[BlackFideId "12909572"]
[WhiteElo "2618"]
[BlackElo "2584"]
[Result "0-1"]
[Round "9"]
[TimeControl "180+2"]
[Date "2023.06.20"]
[WhiteClock "0:00:00"]
[BlackClock "0:00:14"]
[Board "5"]

1. Nf3 Nf6 2. b3 d5 3. Bb2 Bg4 4. h3 Bxf3 5. exf3 g6 6. f4 Bg7 7. g3 e6 8. Bg2 O-O 9. O-O c5 10. c4 Nc6 11. d3 Qd7 12. Nd2 Ne8 13. Bxg7 Nxg7 14. cxd5 exd5 15. Nf3 Rfe8 16. d4 cxd4 17. Nxd4 Rad8 18. Rc1 Nf5 19. Nf3 d4 20. Qd3 Nb4 21. Qd2 Nd5 22. g4 Ng7 23. Rc4 Ne6 24. f5 Nef4 25. Rd1 Nc3 26. Ra1 b5 27. Rc5 Qd6 28. b4 Ne4 29. Qc2 d3 30. Qb3 Nxc5 31. bxc5 Qxc5 32. fxg6 hxg6 33. Rf1 d2 34. Rd1 Ne2+ 35. Kh1 Qxf2 0-1


[Site "https://www.chess.com"]

[Event "Titled Tuesday Blitz June 20 Late 2023"]
[White "Le, Tuan Minh"]
[Black "Rustemov, Alexander"]
[WhiteFideId "12401153"]
[BlackFideId "4119002"]
[WhiteElo "2566"]
[BlackElo "2881"]
[Result "0-1"]
[Round "9"]
[TimeControl "180+2"]
[Date "2023.06.20"]
[WhiteClock "0:00:03"]
[BlackClock "0:00:07"]
[Board "6"]

1. d4 d5 2. Nf3 Nf6 3. Bg5 Ne4 4. Bf4 c5 5. c3 Bf5 6. Qb3 Qb6 7. Qxd5 e6 8. Qb3 cxd4 9. Nxd4 Nd7 10. e3 Bg6 11. Qxb6 axb6 12. Bb5 Nc5 13. Nd2 Nd3+ 14. Bxd3 Bxd3 15. N4b3 e5 16. Bg3 f6 17. f3 Be7 18. e4 Kf7 19. Bf2 Rhd8 20. Be3 Nc5 21. Nxc5 bxc5 22. Kf2 b5 23. a3 c4 24. h4 h5 25. g3 Rd7 26. Rac1 Rad8 27. Rhe1 g6 28. Nf1 Ke6 29. Rcd1 f5 30. exf5+ gxf5 31. f4 e4 32. Bb6 Rb8 33. Bd4 Rxd4 34. cxd4 Bf6 35. Ne3 Bxd4 36. Rd2 b4 37. axb4 Rxb4 38. Ra1 Rb3 39. Ra6+ Kd7 40. Ra3 Rxa3 41. bxa3 Kc6 42. Rd1 c3 43. Rc1 Kb5 44. Rd1 Ka4 45. g4 fxg4 46. Re1 Kxa3 47. f5 c2 48. f6 Bxf6 49. Nxc2+ Bxc2 50. Ke3 Bd3 51. Kf4 Bxh4 52. Rh1 Bf2 53. Rxh5 g3 54. Ra5+ Kb4 55. Rg5 Kc3 56. Rg8 Kd2 0-1


[Site "https://www.chess.com"]

[Event "Titled Tuesday Blitz June 20 Late 2023"]
[White "Hakobyan, Aram"]
[Black "Grigoriants, Sergey"]
[WhiteFideId "13306677"]
[BlackFideId "4130804"]
[WhiteElo "2584"]
[BlackElo "2502"]
[Result "1-0"]
[Round "9"]
[TimeControl "180+2"]
[Date "2023.06.20"]
[WhiteClock "0:00:05"]
[BlackClock "0:00:00"]
[Board "7"]

1. d4 Nf6 2. c4 e6 3. Nc3 Bb4 4. e3 O-O 5. a3 Bxc3+ 6. bxc3 c5 7. Ne2 Nc6 8. Ng3 b6 9. e4 Ne8 10. d5 Na5 11. Bd3 Ba6 12. Qe2 d6 13. O-O Nb3 14. Rb1 Nxc1 15. Rbxc1 e5 16. f4 Bc8 17. f5 Qg5 18. Rce1 Nf6 19. Qf3 Bd7 20. Ne2 a6 21. Qg3 Qxg3 22. Nxg3 b5 23. Rb1 bxc4 24. Bxc4 Bb5 25. Bxb5 axb5 26. Rxb5 Rxa3 27. Rc1 h5 28. h4 Rfa8 29. Rb6 R8a6 30. Rb8+ Kh7 31. Rb7 Ra7 32. Rxa7 Rxa7 33. Kf2 Ra3 34. Kf3 c4 35. Nf1 Ng4 36. Nd2 Ra4 37. Rc2 g6 38. fxg6+ Kxg6 39. Rb2 Ra3 40. Rc2 Ra4 41. g3 f6 42. Ke2 f5 43. Kf3 Nf6 44. Rc1 Ra2 45. exf5+ Kxf5 46. Nxc4 Nxd5 47. Nxd6+ Ke6 48. Ne4 Ra3 49. g4 hxg4+ 50. Kxg4 Ra4 51. c4 Rxc4 52. Rxc4 Ne3+ 53. Kg5 Nxc4 54. Kg6 Ne3 55. h5 Ng4 56. Ng3 e4 57. Nxe4 Ne5+ 58. Kg7 Ng4 59. Ng3 Ke5 60. Kg6 Kf4 61. Ne2+ Ke3 62. Nc3 Kf4 63. Nd5+ Ke5 64. Ne3 Nf6 65. h6 Ke6 66. Kg7 Nh5+ 67. Kg6 Nf4+ 68. Kg5 Nh3+ 69. Kg6 Nf4+ 70. Kg7 Nh5+ 71. Kg8 Ke7 72. Ng4 Nf4 73. h7 Ng6 74. Kg7 1-0


[Site "https://www.chess.com"]

[Event "Titled Tuesday Blitz June 20 Late 2023"]
[White "Nakamura, Hikaru"]
[Black "Holt, Conrad"]
[WhiteFideId "2016192"]
[BlackFideId "2034387"]
[WhiteElo "2874"]
[BlackElo "2592"]
[Result "1-0"]
[Round "9"]
[TimeControl "180+2"]
[Date "2023.06.20"]
[WhiteClock "0:00:04"]
[BlackClock "0:00:00"]
[Board "8"]

1. Nf3 d5 2. e3 Bg4 3. c4 c6 4. Qb3 Qc7 5. cxd5 cxd5 6. Nc3 Bxf3 7. gxf3 e6 8. d4 Nc6 9. Bd2 Nf6 10. O-O-O Bb4 11. Kb1 O-O 12. Bd3 a5 13. Rc1 a4 14. Qd1 a3 15. b3 Qa5 16. Rc2 Rfc8 17. Qe2 e5 18. dxe5 Nxe5 19. Rhc1 Rd8 20. f4 Nc6 21. Nb5 Ne4 22. Bxb4 Nxb4 23. Rc7 Nxd3 24. Qxd3 Nxf2 25. Qf5 Rf8 26. Nd4 Qd2 27. Qc2 Qxe3 28. Nf5 Qe4 29. Re7 Qxc2+ 30. Rxc2 Nd3 31. Rcc7 Rac8 32. Nd6 Rxc7 33. Rxc7 Nxf4 34. Rxb7 f5 35. b4 Nd3 36. Kc2 Ne5 37. Rb5 f4 38. Rxd5 f3 39. Ne4 f2 40. Ng3 Ng4 41. Nf1 Re8 42. Rd1 Re1 43. Kd2 Re4 44. Rb1 Ne5 45. b5 Re1 46. Kc2 Nc4 47. Ng3 Kf7 48. Rb4 Rc1+ 49. Kxc1 1-0


[Site "https://www.chess.com"]

[Event "Titled Tuesday Blitz June 20 Late 2023"]
[White "Cardoso Cardoso, Jose Gabriel"]
[Black "Bortnyk, Mykola"]
[WhiteFideId "4430492"]
[BlackFideId "14120836"]
[WhiteElo "2484"]
[BlackElo "2592"]
[Result "0-1"]
[Round "9"]
[TimeControl "180+2"]
[Date "2023.06.20"]
[WhiteClock "0:00:16"]
[BlackClock "0:00:52"]
[Board "10"]

1. e4 Nf6 2. e5 Nd5 3. d4 d6 4. Nf3 dxe5 5. Nxe5 c6 6. Bc4 Bf5 7. O-O Nd7 8. Nf3 e6 9. h3 Bd6 10. Re1 O-O 11. Nbd2 Re8 12. Ne4 Bc7 13. Bg5 Qb8 14. c3 Bf4 15. Bxf4 Qxf4 16. Ng3 Bg6 17. Qc1 Qd6 18. h4 b5 19. Bxd5 exd5 20. Qd2 Be4 21. Ng5 Nf6 22. Re2 h6 23. N5xe4 Nxe4 24. Nxe4 Rxe4 25. g3 Rae8 26. Rae1 f5 27. Qd3 Qe6 28. Kf1 f4 29. gxf4 Qf5 30. Rxe4 dxe4 31. Qe3 Re6 32. b3 Rg6 33. c4 bxc4 34. bxc4 Qg4 35. d5 cxd5 36. cxd5 Qg2+ 37. Ke2 Rb6 38. Rd1 Qg4+ 39. Ke1 Qg1+ 40. Ke2 Rb2+ 41. Rd2 Qg4+ 42. f3 Qg2+ 43. Kd1 Qf1+ 44. Qe1 Rb1+ 0-1


[Site "https://www.chess.com"]

[Event "Titled Tuesday Blitz June 20 Late 2023"]
[White "Fodor, Tamas Jr."]
[Black "Indjic, Aleksandar"]
[WhiteFideId "723762"]
[BlackFideId "911925"]
[WhiteElo "2504"]
[BlackElo "2614"]
[Result "1/2-1/2"]
[Round "9"]
[TimeControl "180+2"]
[Date "2023.06.20"]
[WhiteClock "0:00:09"]
[BlackClock "0:00:04"]
[Board "11"]

1. d4 Nf6 2. c4 c5 3. d5 e6 4. Nc3 exd5 5. cxd5 d6 6. Nf3 g6 7. Nd2 Bg7 8. e4 O-O 9. Be2 Re8 10. O-O Nbd7 11. Re1 Ne5 12. h3 g5 13. Nf3 Nxf3+ 14. Bxf3 h6 15. a4 Rb8 16. Bd2 a6 17. a5 Nd7 18. Qc2 Ne5 19. Be2 Qf6 20. Rf1 Qg6 21. Nd1 f5 22. exf5 Bxf5 23. Qa4 h5 24. Ne3 Bd7 25. Qc2 Qxc2 26. Nxc2 g4 27. hxg4 hxg4 28. Bc3 Rf8 29. Ne3 Rf4 30. g3 Re4 31. Bxe5 Bxe5 32. Bd3 Rd4 33. Rfd1 Re8 34. Kg2 Rb4 35. Nc4 Bb5 36. Nxe5 Rxe5 37. Bxb5 Rxb5 38. Rd2 Rb4 39. Rh1 Kg7 40. Rh4 Re1 41. Rh1 Rxh1 42. Kxh1 Re4 43. Kg2 Kf6 44. f3 gxf3+ 45. Kxf3 Ke5 46. g4 Rf4+ 47. Kg3 Ra4 48. Rf2 Rxa5 49. g5 Ra1 50. Kg2 Ra4 51. Kg3 Ra1 52. Kg2 Ra4 53. Kg3 Ra1 1/2-1/2


[Site "https://www.chess.com"]

[Event "Titled Tuesday Blitz June 20 Late 2023"]
[White "Eljanov, Pavel"]
[Black "Bryakin, Mikhail"]
[WhiteFideId "14102951"]
[BlackFideId "4165314"]
[WhiteElo "2598"]
[BlackElo "2464"]
[Result "1-0"]
[Round "9"]
[TimeControl "180+2"]
[Date "2023.06.20"]
[WhiteClock "0:00:07"]
[BlackClock "0:00:00"]
[Board "12"]

1. d4 Nf6 2. c4 e6 3. Nc3 a6 4. e4 b5 5. e5 b4 6. exf6 bxc3 7. fxg7 Bxg7 8. bxc3 c5 9. Nf3 Nc6 10. Be2 Qa5 11. Bd2 Qa3 12. Rb1 cxd4 13. cxd4 Nxd4 14. Nxd4 Bxd4 15. O-O Qe7 16. Bf3 Ra7 17. Rb8 O-O 18. Bh6 Be5 19. Bxf8 Qxf8 20. Rb3 Rc7 21. Qe2 Qc5 22. Be4 Qxc4 23. Bxh7+ Kxh7 24. Qxe5 f5 25. Rh3+ Kg6 26. Rg3+ Kf7 27. Rg7+ Ke8 28. Qf6 d6 29. Rg8+ Kd7 30. Qd8+ Kc6 31. Qxc8 Qe2 32. Qa8+ Kc5 33. Rc8 Rxc8 34. Qxc8+ Kd4 35. a3 f4 36. Qc1 f3 37. Rd1+ Ke5 38. Re1 1-0


[Site "https://www.chess.com"]

[Event "Titled Tuesday Blitz June 20 Late 2023"]
[White "Riehle, Marco"]
[Black "Henriquez Villagra, Cristobal"]
[WhiteFideId "12904392"]
[BlackFideId "3409350"]
[WhiteElo "2462"]
[BlackElo "2542"]
[Result "1/2-1/2"]
[Round "9"]
[TimeControl "180+2"]
[Date "2023.06.20"]
[WhiteClock "0:00:18"]
[BlackClock "0:00:21"]
[Board "13"]

1. e4 d6 2. d4 Nf6 3. f3 Nbd7 4. c4 e5 5. d5 Ke7 6. Be3 h5 7. Nc3 g6 8. Qd2 Ng8 9. g3 Bh6 10. f4 Ngf6 11. h3 Kf8 12. O-O-O Kg7 13. Nf3 Qe7 14. Bd3 b6 15. Bc2 Ng8 16. Rdf1 a5 17. Nb5 Nc5 18. Kb1 Ba6 19. fxe5 Bxe3 20. Qc3 f6 21. exd6 cxd6 22. Qxe3 Bxb5 23. cxb5 Re8 24. Nd4 Nh6 25. Rf2 f5 26. Rhf1 fxe4 27. Ne6+ Nxe6 28. Qc3+ Kh7 29. dxe6 Qxe6 30. Ka1 Qe5 31. Qe3 Re7 32. Qxb6 d5 33. a3 d4 34. Re1 Qd5 35. Rxe4 Rxe4 36. Bxe4 Qxe4 37. Qc7+ Kg8 38. Qd8+ Kg7 39. Qd7+ Kg8 40. Qd8+ Kg7 41. Qd7+ Kg8 42. Qd8+ 1/2-1/2


[Site "https://www.chess.com"]

[Event "Titled Tuesday Blitz June 20 Late 2023"]
[White "Tari, Aryan"]
[Black "Lin, Dachey"]
[WhiteFideId "1510045"]
[BlackFideId "2029650"]
[WhiteElo "2586"]
[BlackElo "2313"]
[Result "1-0"]
[Round "9"]
[TimeControl "180+2"]
[Date "2023.06.20"]
[WhiteClock "0:00:06"]
[BlackClock "0:00:00"]
[Board "14"]

1. e4 g6 2. d4 Bg7 3. Nc3 c6 4. Nf3 d5 5. h3 dxe4 6. Nxe4 Nd7 7. Bc4 Ngf6 8. Nxf6+ Nxf6 9. O-O O-O 10. Re1 a5 11. a4 Nd5 12. c3 Be6 13. Qe2 Re8 14. Ng5 Bf5 15. Qf3 Rf8 16. Bd2 Qb6 17. b3 Rad8 18. Re2 h6 19. Ne4 Bxe4 20. Rxe4 e6 21. Rae1 Ne7 22. h4 Nf5 23. h5 g5 24. Qg4 Nd6 25. R4e2 Nxc4 26. bxc4 Qb3 27. c5 Rfe8 28. Qg3 Qxa4 29. f4 gxf4 30. Bxf4 Kh8 31. Qe3 Rxd4 32. Be5 Rg4 33. Qxh6+ Kg8 34. Bxg7 Rxg7 35. Re4 Qc2 36. R1e2 Qxc3 37. Qf4 Rd8 38. h6 Rd1+ 39. Kh2 Rg6 40. h7+ Kf8 41. Re5 Kg7 42. Rh5 Kh8 43. Qb8+ 1-0


[Site "https://www.chess.com"]

[Event "Titled Tuesday Blitz June 20 Late 2023"]
[White "Tristan, Leonardo"]
[Black "Iturrizaga Bonelli, Eduardo"]
[WhiteFideId "113816"]
[BlackFideId "3901211"]
[WhiteElo "2461"]
[BlackElo "2647"]
[Result "1-0"]
[Round "9"]
[TimeControl "180+2"]
[Date "2023.06.20"]
[WhiteClock "0:00:33"]
[BlackClock "0:00:19"]
[Board "15"]

1. d4 Nf6 2. Nf3 g6 3. Bf4 Bg7 4. e3 d6 5. Be2 O-O 6. O-O c5 7. c3 Qb6 8. Nbd2 Be6 9. e4 cxd4 10. Nxd4 Nc6 11. Nxe6 fxe6 12. Be3 Qc7 13. h3 Kh8 14. Re1 Rad8 15. Qa4 d5 16. Rad1 a6 17. Bf1 e5 18. exd5 Nxd5 19. Ne4 e6 20. Ng5 Qe7 21. Qh4 h6 22. Nf3 Qxh4 23. Nxh4 Kh7 24. Bd3 Nde7 25. Be4 Nf5 26. Nf3 Nd6 27. Bxc6 bxc6 28. Bc5 e4 29. Bxd6 exf3 30. Bxf8 Rxf8 31. Rxe6 fxg2 32. Rd7 Kh8 33. Rxg6 1-0


[Site "https://www.chess.com"]

[Event "Titled Tuesday Blitz June 20 Late 2023"]
[White "Fiorito, Joaquin"]
[Black "Ibarra Jerez, Jose Carlos"]
[WhiteFideId "180173"]
[BlackFideId "2226332"]
[WhiteElo "2199"]
[BlackElo "2631"]
[Result "0-1"]
[Round "9"]
[TimeControl "180+2"]
[Date "2023.06.20"]
[WhiteClock "0:00:03"]
[BlackClock "0:00:05"]
[Board "16"]

1. d4 Nf6 2. c4 d6 3. Nc3 e5 4. Nf3 e4 5. Ng5 Qe7 6. h4 h6 7. Nh3 g6 8. Nf4 c6 9. e3 h5 10. Be2 Bh6 11. g3 O-O 12. b3 a6 13. Bb2 b5 14. d5 b4 15. Na4 c5 16. Nb6 Ra7 17. Nxc8 Rxc8 18. a3 Rb7 19. axb4 Rxb4 20. Qc2 Bg7 21. O-O Nfd7 22. Ra3 Bxb2 23. Qxb2 Ne5 24. Rfa1 Qf6 25. Kg2 Qf5 26. Qc2 Rc7 27. Ra4 Rb6 28. Bd1 Rcb7 29. Qd2 Nf3 30. Qe2 Qg4 31. Kh1 g5 32. hxg5 h4 33. Qf1 hxg3 34. fxg3 f6 35. g6 Rxb3 36. Bxb3 Rxb3 37. R4a2 Qxg3 38. Qh3 Qxh3+ 39. Nxh3 Kg7 40. Rg2 Rxe3 41. Nf4 Ng5 42. Ne6+ Kxg6 43. Rf1 Nd7 44. Rfg1 Rh3+ 45. Rh2 Rxh2+ 46. Kxh2 Ne5 47. Nf4+ Kf5 48. Rf1 Ngf3+ 49. Kg3 Nxc4 50. Ne2 Ke5 51. Ra1 Ne3 52. Rxa6 Nf5+ 53. Kf2 Kxd5 54. Nf4+ Ke5 55. Ng6+ Kd4 56. Nf4 Ne5 57. Ne6+ Kd5 58. Nf4+ Kc4 59. Ne6 Nd3+ 60. Ke2 Nb4 61. Rb6 Nd4+ 62. Nxd4 cxd4 63. Rxd6 Nd5 64. Kd2 d3 65. Re6 e3+ 66. Kd1 Nc3+ 67. Ke1 d2+ 68. Kf1 d1=Q+ 69. Kg2 Qd5+ 0-1


[Site "https://www.chess.com"]

[Event "Titled Tuesday Blitz June 20 Late 2023"]
[White "Sanal, Vahap"]
[Black "Keleberda, Tymur"]
[WhiteFideId "6300545"]
[BlackFideId "14174294"]
[WhiteElo "2606"]
[BlackElo "2198"]
[Result "1-0"]
[Round "9"]
[TimeControl "180+2"]
[Date "2023.06.20"]
[WhiteClock "0:01:40"]
[BlackClock "0:00:36"]
[Board "17"]

1. e4 c5 2. Nf3 d6 3. d4 cxd4 4. Nxd4 Nf6 5. Nc3 a6 6. f3 e5 7. Nb3 Be7 8. Be3 Be6 9. Qd2 O-O 10. O-O-O Nbd7 11. g4 b5 12. g5 Nh5 13. Nd5 Bxd5 14. exd5 f6 15. gxf6 Ndxf6 16. Na5 Qe8 17. Nc6 Kh8 18. Bh3 Nf4 19. Bxf4 exf4 20. Rde1 Qh5 21. Bg4 Nxg4 22. fxg4 Qxg4 23. Rhg1 Qh3 24. Rxe7 f3 25. Qf2 Rae8 26. Rgxg7 Qh6+ 27. Kd1 Qxg7 28. Rxg7 Kxg7 29. Nd4 Kh8 30. Ne6 Rf7 31. Qd4+ Kg8 32. Ke1 f2+ 33. Kf1 a5 34. h4 h6 35. h5 Ree7 36. Qg4+ Kh8 37. Qg6 b4 38. Qxh6+ Kg8 39. Qg6+ Kh8 40. h6 a4 41. h7 Rxh7 42. Qf6+ 1-0


[Site "https://www.chess.com"]